 Dungeon Crawl Stone Soup version 0.24.1 (webtiles) character file.

Game seed: 15618803297834056497, levelgen mode: deterministic

281 Destapler the Ducker (level 6, 0/37 HPs)
             Began as a Deep Elf Conjurer on Apr 6, 2020.
             Slain by an orc wizard
             ... wielding a +0 dagger
              (2 damage)
             ... on level 4 of the Dungeon.
             The game lasted 00:08:34 (2812 turns).

Destapler the Ducker (Deep Elf Conjurer)            Turns: 2812, Time: 00:08:35

Health: 0/37       AC:  5    Str:  5    XL:     6   Next: 6%
Magic:  12/21      EV: 16    Int: 22    God:
Gold:   172        SH:  0    Dex: 15    Spells: 10/11 levels left

rFire    . . .     SeeInvis .   d - +1 dagger
rCold    . . .     Gourm    .   (no shield)
rNeg     . . .     Faith    .   a - +0 robe
rPois    .         Spirit   .   j - +1 hat
rElec    .         Reflect  .   k - +0 cloak
rCorr    .         Harm     .   (no gloves)
MR       .....                  i - +0 pair of boots
Stlth    ++........             (no amulet)
HPRegen  0.12/turn              p - ring of magical power
MPRegen  0.17/turn              (no ring)

@: very slightly contaminated
A: no striking features
a: no special abilities


You were on level 4 of the Dungeon.
You were hungry.

You visited 1 branch of the dungeon, and saw 4 of its levels.

You collected 172 gold pieces.

Inventory:

Hand Weapons
 d - a +1 dagger (weapon)
Armour
 a - a +0 robe (worn)
 i - a +0 pair of boots (worn)
 j - a +1 hat (worn)
 k - a +0 cloak (worn)
Jewellery
 b - an uncursed amulet of the acrobat {unknown}
 g - an uncursed ring of resist corrosion
 o - an uncursed ring of magical power
 p - a ring of magical power (left hand)
Scrolls
 h - a scroll of fear
 n - a scroll of immolation {unknown}
 q - a scroll of remove curse
 t - a scroll of amnesia {unknown}
 u - a scroll of teleportation {unknown}
 w - a scroll of magic mapping
Potions
 e - a potion of flight {unknown}
 f - a potion of experience {unknown}
 l - a potion of might {unknown}
 r - a potion of haste {unknown}
 v - a potion of resistance {unknown}
Comestibles
 c - 8 rations


   Skills:
 - Level 3.1 Fighting
 + Level 5.9 Dodging
 - Level 2.4 Stealth
 - Level 3.0 Spellcasting
 - Level 4.3 Conjurations


You had 10 spell levels left.
You knew the following spells:

 Your Spells              Type           Power        Failure   Level  Hunger
a - Magic Dart            Conj           ###.         1%          1    None

Your spell library contained the following spells:

 Spells                   Type           Power        Failure   Level  Hunger
 Searing Ray              Conj           ###...       3%          2    ##.....
 Dazzling Spray           Conj/Hex       ##....       16%         3    ###....
 Iskenderun's Mystic Bla  Conj           ###.....     21%         4    ####...
 Force Lance              Conj/Tloc      ##......     45%         4    ####...
 Fulminant Prism          Conj/Hex       ##........   45%         4    ####...


Dungeon Overview and Level Annotations

Branches:
Dungeon (4/15)
 Temple: D:4-7

Altars:

Annotations:
D:4 3 runed translucent doors, kalodont's ghost, amateur KoEn


Message History

You barely miss the orc.
The orc is heavily wounded.
The orc barely misses you.
You hit the orc.
The orc is heavily wounded.
The orc hits you but does no damage.
Casting: Magic Dart (safe; 1% risk of failure)
Confirm with . or Enter, or press ? or * to list all spells.
Aiming: Magic Dart (safe; 1% risk of failure)
Press: ? - help, Shift-Dir - straight line, f - orc
Aim: an orc, wielding a +0 club (heavily wounded)
The magic dart hits the orc.
You kill the orc!
A magic dart appears from out of thin air!
The magic dart hits you!
* * * LOW HITPOINT WARNING * * *
Something hits you but does no damage.
Items here: ))))) [[ †† You miss something.
The worker ant closely misses you. Something hits you.
You die...

.. # ≈#.#≈## ### ≈≈≈.
.#.#≈. # #.# ≈## #.#≈ .#
#.# #. #.# ..###
##.#####.## #.#####....#
.....#.#..# ##.##........
.#.#.#.#..###..##a......#
.......#........@{....#
.#######..#######.#......
.#.≈≈.≈#..# #.# ....#
.#≈≈.≈.#..# ..# .###
.#..≈≈≈#..# ... #
.#######..# .#.# ##.#
#.#..# .#.# #.# #....#
#.#.. ##.###.####.#


You could see a worker ant.

Vanquished Creatures
  An ogre (D:3)
  A hound (D:4)
  An orc wizard (D:4)
  2 worker ants
  A hound skeleton (D:4)
  An adder (D:2)
  A dart slug (D:1)
  2 worms
  A leopard gecko (D:3)
  6 orcs
  2 giant cockroaches (D:4)
  8 goblins
  5 hobgoblins
  A quokka (D:3)
  7 bats
  4 frilled lizards
  10 kobolds
  8 rats
62 creatures vanquished.

Vanquished Creatures (others)
  An orc wizard (D:4)
1 creature vanquished.

Grand Total: 63 creatures vanquished

Notes
Turn   | Place    | Note
-------+----------+-------------------------------------------
     0 | D:1      | Destapler the Deep Elf Conjurer began the quest for the
                  | Orb.
     0 | D:1      | Reached XP level 1. HP: 10/10 MP: 6/6
   282 | D:1      | Reached skill level 1 in Fighting
   303 | D:1      | Reached XP level 2. HP: 16/16 MP: 2/8
   713 | D:1      | Reached skill level 3 in Dodging
   891 | D:2      | You fall into a shaft and drop 1 floor!
  1282 | D:2      | Reached XP level 3. HP: 21/21 MP: 5/9
  1956 | D:3      | Noticed an ogre
  1967 | D:3      | Killed an ogre
  1967 | D:3      | Reached skill level 4 in Dodging
  1967 | D:3      | Reached XP level 4. HP: 28/28 MP: 1/10
  1967 | D:3      | Reached XP level 5. HP: 32/32 MP: 1/11
  2413 | D:4      | Found a runed translucent gate.
  2420 | D:4      | Found a runed translucent gate.
  2421 | D:4      | Found a runed translucent gate.
  2428 | D:4      | Noticed kalodont's ghost (amateur KoEn)
  2516 | D:4      | Reached skill level 5 in Dodging
  2803 | D:4      | Reached XP level 6. HP: 8/37 MP: 11/12
  2810 | D:4      | HP: 1/37 [something/magic dart (8)]
  2812 | D:4      | Slain by an orc wizard

Levels and vault maps discovered:
D:1:      minmay_arrival_five_plusses, layout_loops_ring
D:2:      layout_basic, first_ration
D:3:      layout_rooms, minmay_misc_feat_four_crosses
D:4:      layout_loops_ring, gammafunk_ghost_necromancy, serial_aquarium,
          aquarium_bridge_long_separate [aquarium_subvault_bridge,
          aquarium_subvault_balcony, aquarium_subvault_wall,
          aquarium_subvault_balcony, aquarium_subvault_wall,
          aquarium_subvault_bridge], aquarium_window_fake,
          aquarium_window_corner, aquarium_view_2e, aquarium_view_2e,
          aquarium_balcony_double_3, aquarium_pool_corner,
          minmay_misc_feat_encased, minmay_misc_feat_iff

Skill      XL: |  1  2  3  4  5 |
---------------+----------------+-----
Fighting       | 1 3 |  3.1
Dodging        | 3 4 5 |  5.9
Stealth        | |  2.4
Spellcasting   | |  3.0
Conjurations   | |  4.3

Action                   |  1- 3 |  4- 6 || total
-------------------------+-------+-------++-------
Melee: Unarmed           |     5 |       ||     5
       Dagger            |    11 |    39 ||    50
 Cast: Magic Dart        |    93 |    67 ||   160
  Use: Scroll            |     4 |     2 ||     6
 Stab: Sleeping          |     1 |       ||     1
  Eat: Chunk             |     3 |     2 ||     5
Armor: Robe              |     9 |     6 ||    15
Dodge: Dodged            |    19 |    51 ||    70
